 Dungeon Crawl Stone Soup version 0.29-a0-25-g7f48f510a0 (webtiles) character file.

Game seed: 2964160497981893988

94 funkygono the Firebug (level 4, -11/24 HPs)
             Began as a Gargoyle Fire Elementalist on Jan 31, 2022.
             Killed by divine providence
             ... invoked by an orc priest
              (13 damage)
             ... on level 3 of the Dungeon.
             The game lasted 00:03:43 (2422 turns).

funkygono the Firebug (Gargoyle Fire Elementalist)  Turns: 2422, Time: 00:03:47

Health: -11/24     AC:  6    Str:  9 (11) XL:     4   Next: 63%
Magic:  5/7        EV: 11    Int: 16 (18) God:
Gold:   120        SH:  0    Dex:  9 (10) Spells: 2/8 levels left

rFire   . . .      SeeInvis .   m - +0 whip
rCold   . . .      Faith    .   (no shield)
rNeg    + . .      Spirit   .   a - +1 robe
rPois   ∞          Reflect  .   (no helmet)
rElec   +          Harm     .   (no cloak)
rCorr   .          Rampage  .   (no gloves)
Will    .....                   (no boots)
Stlth   ++........              h - amulet of regeneration
HPRegen 0.88/turn               (no ring)
MPRegen 0.10/turn               (no ring)

@: no status effects
A: sickness immunity, AC +3, negative energy resistance 1, electricity
resistance, torment resistance 1, petrification resistance
a: no special abilities


You were on level 3 of the Dungeon.
You visited 1 branch of the dungeon, and saw 3 of its levels.

You collected 120 gold pieces.

Inventory:

Hand Weapons
 k - a +0 club
 m - a +0 whip (weapon)
Missiles
 c - 66 stones (quivered)
Armour
 a - a +1 robe (worn)
Jewellery
 g - an amulet of faith
 h - an amulet of regeneration (around neck)
Scrolls
 d - 2 scrolls of teleportation {unknown}
 f - a scroll of amnesia {unknown}
 i - a scroll of magic mapping {unknown}
 l - a scroll of identify {unknown}
Potions
 j - a potion of curing {unknown}


   Skills:
 + Level 1.6 Dodging
 - Level 2.1 Stealth
 * Level 2.6 Spellcasting
 * Level 2.6 Conjurations
 * Level 4.2 Fire Magic


You had 2 spell levels left.
You knew the following spells:

 Your Spells              Type           Power      Damage    Failure   Level
a - Foxfire               Conj/Fire      52%        2x1d6     4%          1
b - Scorch                Fire           30%        2d7       5%          2
c - Conjure Flame         Conj/Fire      13%        6-21      14%         3

Your spell library contained the following spells:

 Spells                   Type           Power      Damage    Failure   Level
 Inner Flame              Hex/Fire       8%         N/A       24%         3
 Flame Wave               Conj/Fire      13%        2d6       43%         4


Dungeon Overview and Level Annotations

Branches:
Dungeon (3/15)

Altars:

Shops:
D:2 (


Innate Abilities, Weirdness & Mutations

You are immune to sickness and miasma.
Your stone body is resilient. (AC +3)
You are immune to poison.
You resist negative energy. (rN+)
You are resistant to electric shocks. (rElec)
You are resistant to unholy torment.
You are immune to petrification.


Message History

A goblin comes into view. It is wielding a +0 dagger.
The quokka barely misses you.
You barely miss the quokka.
The quokka is heavily wounded.
The goblin shouts!
You hear an angry hiss.
A rat comes into view.
The quokka closely misses you.
You closely miss the quokka.
The quokka is heavily wounded.
A ball python comes into view.
The quokka closely misses you.
You hit the quokka but do no damage.
The quokka is heavily wounded.
The quokka bites you but does no damage.
The quokka barely misses you.
You hit the quokka.
You kill the quokka!
The orc priest mumbles some strange prayers to Beogh against you.
Beogh smites you!
Ouch! That really hurt!
The goblin hits you with a +0 dagger.
You hit the goblin.
The goblin is severely wounded.
The rat barely misses you. The goblin hits you but does no damage.
You barely miss the goblin.
The goblin is severely wounded.
The orc priest hits you with a +0 flail!
* * * LOW HITPOINT WARNING * * *
The rat bites you but does no damage. The goblin closely misses you.
As you read the scroll labelled SOACKA ZIRIBB, it crumbles to dust.
It is a scroll of enchant armour.
Your +0 robe glows green for a moment.
The orc priest barely misses you. The rat bites you but does no damage.
The goblin barely misses you.
It was a potion of degeneration.
There was something very wrong with that liquid.
You feel weakened.
You feel dopey.
You feel clumsy.
The orc priest mumbles some strange prayers to Beogh against you.
Beogh smites you!
Ouch! That really hurt!
You die...

##### #.....
#......
.^.....
.......
.......
####r......
#oo@gS.....
##.###......
#..## #####
#.o.# #...#
##..## #...#
#..o# #..o##


You could see an orc priest, an orc, a goblin, a ball python and a rat.

Vanquished Creatures
  A gnoll (D:2)
  2 adders
  A dart slug (D:2)
  5 orcs (D:3)
  5 ball pythons
  2 bats
  4 endoplasms
  3 giant cockroaches
  3 goblins
  5 hobgoblins
  2 jackals (D:2)
  3 kobolds
  8 quokkas
  A frilled lizard (D:2)
  5 rats
50 creatures vanquished.

Vanquished Creatures (collateral kills)
  4 foxfires (D:2)
4 creatures vanquished.

Vanquished Creatures (others)
  135 foxfires
135 creatures vanquished.

Grand Total: 189 creatures vanquished

Notes
Turn   | Place    | Note
-------+----------+-------------------------------------------
     0 | D:1      | funkygono the Gargoyle Fire Elementalist began the quest
                  | for the Orb.
     0 | D:1      | Reached XP level 1. HP: 10/10 MP: 3/3
   422 | D:1      | Reached XP level 2. HP: 15/15 MP: 0/5
   425 | D:1      | Learned a level 2 spell: Scorch
  1098 | D:2      | Reached XP level 3. HP: 19/19 MP: 0/6
  1161 | D:2      | Learned a level 3 spell: Conjure Flame
  1211 | D:2      | Found Xijifim's Weapon Boutique.
  1425 | D:2      | Found a faded altar of an unknown god.
  1982 | D:3      | Reached XP level 4. HP: 24/24 MP: 4/7
  1983 | D:3      | Reached skill level 4 in Fire Magic
  2420 | D:3      | HP: 1/24 [orc priest (10)]
  2422 | D:3      | Killed from afar by an orc priest

Illustrated notes

Levels and vault maps discovered:
D:1:      dpeg_arrival_tiny_a, layout_loops_ring
D:2:      layout_rooms, serial_shops, nicolae_shop_hallway_stairs,
          hellmonk_ecumenical_altar_inner_sanctum, cheibrodos_gnoll_hut
D:3:      layout_rooms, minitemple, serial_curves, eino_curves_03,
          eino_curves_03, eino_curves_01, eino_curves_04

Skill      XL: |  1  2  3  4 |
---------------+-------------+-----
Conjurations   | 2 |  2.6
Fire Magic     | 4 |  4.2
Dodging        | |  1.6
Stealth        | |  2.1
Spellcasting   | |  2.6

Action                   |  1- 3 |  4- 6 || total
-------------------------+-------+-------++-------
Melee: Unarmed           |    22 |       ||    22
       Punch             |     1 |       ||     1
       Whip              |       |     7 ||     7
 Cast: Foxfire           |    55 |    25 ||    80
       Scorch            |     7 |     2 ||     9
  Use: Scroll            |       |     1 ||     1
       Potion            |       |     1 ||     1
 Stab: Sleeping          |       |     1 ||     1
Armor: Robe              |    17 |     5 ||    22
Dodge: Dodged            |    21 |    12 ||    33

Table legend: (Time is in decaauts)
 A = Elapsed time spent in this place.
 B = Non-inter-level travel time spent in this place.
 C = Inter-level travel time spent in this place.
 D = Time resting spent in this place.
 E = Time spent auto-exploring this place.
 F = Levels seen in this place.
 G = Mean time per level.
                   A        B        C        D        E       F      G
               +--------+--------+--------+--------+--------+-----+--------+
         Total |   2421 |   2388 |     33 |     16 |   1982 |   3 |  807.0 |
       Dungeon |   2421 |   2388 |     33 |     16 |   1982 |   3 |  807.0 |
               +--------+--------+--------+--------+--------+-----+--------+

Top non-repeatable levels by time:
     D:1: 1091 daAuts
     D:2: 812 daAuts
     D:3: 517 daAuts
